 Dungeon Crawl Stone Soup version 0.30.1-11-g7821555f0a (webtiles) character file.

Game seed: 17752953934752409995

62 Eitelfritz the Trooper (level 4, -5/40 HPs)
             Began as a Hill Orc Fighter on Dec 28, 2023.
             Killed by nerve-wracking pain
             ... invoked by Grinder
              (9 damage)
             ... on level 3 of the Dungeon.
             The game lasted 00:02:40 (1383 turns).

Eitelfritz the Trooper (Hill Orc Fighter)           Turns: 1383, Time: 00:02:41

Health: -5/40      AC:  8    Str: 20    XL:     4   Next: 8%
Magic:  4/4        EV:  9    Int:  8    God:
Gold:   148        SH:  4    Dex: 10    Spells: 3/3 levels left

rFire   . . .        a - +0 war axe
rCold   . . .        c - +0 buckler
rNeg    . . .        b - +0 scale mail
rPois   .            p - +0 helmet
rElec   .            (no cloak)
rCorr   .            (no gloves)
SInv    .            (no boots)
Will    .....        (no amulet) Stlth
                     (no ring)
HPRegen 0.26/turn    (no ring)
MPRegen 0.09/turn

%: no passive effects
@: mighty
A: no striking features
a: no special abilities


You were on level 3 of the Dungeon.
You visited 1 branch of the dungeon, and saw 3 of its levels.

You collected 148 gold pieces.

Inventory:

Hand Weapons
 a - a +0 war axe (weapon)
Armour
 b - a +0 scale mail (worn)
 c - a +0 buckler (worn)
 i - a +0 chain mail
 p - a +0 helmet (worn)
Scrolls
 e - 4 scrolls of identify {unknown}
 g - a scroll of fear {unknown}
 k - a scroll of blinking {unknown}
 l - 3 scrolls of teleportation {unknown}
 o - a scroll of poison {unknown}
 q - a scroll of immolation {unknown}
 r - a scroll of torment {unknown}
 s - a scroll of silence {unknown}
Potions
 f - a potion of cancellation {unknown}
 h - 3 potions of brilliance {unknown}
 j - a potion of haste {unknown}
 m - 3 potions of curing {unknown}
 n - a potion of heal wounds {unknown}


   Skills:
 + Level 4.1 Fighting
 + Level 4.0 Axes
 + Level 3.9 Armour
 + Level 3.6 Shields


You had 3 spell levels left.
You didn't know any spells.
Your spell library was empty.

Dungeon Overview and Level Annotations

Branches:
Dungeon (3/15)

Altars:

Annotations:
D:3 Grinder


Message History

You feel very mighty all of a sudden.
Grinder blinks!
Unknown command.
Grinder says, "Just stop there for a second..."
You slash Grinder!
Grinder is heavily wounded.
Grinder closely misses you. You block Grinder's attack.
You closely miss Grinder.
Grinder is heavily wounded.
Grinder blinks!
Unknown command.
An endoplasm comes into view.
The endoplasm quivers.
You slash the endoplasm!
You kill the endoplasm!
You closely miss Grinder.
Grinder is heavily wounded.
You block Grinder's attack. x2
You slice Grinder!!
Grinder is almost dead.
Grinder gestures at you.
You suddenly lose the ability to move!
Grinder hits you.
You writhe in agony.
Grinder hits you but does no damage. Grinder hits you!
* * * LOW HITPOINT WARNING * * *
You writhe in agony.
* * * LOW HITPOINT WARNING * * *
Grinder blinks!
You can move again.
Grinder attacks as you move away! Grinder completely misses you.
A bat comes into view.
Grinder blinks!
Grinder blinks!
The bat barely misses you.
You slice the bat!!
You kill the bat!
You barely miss Grinder. Grinder gestures at you.
Pain shoots through your body!
You die...

.# .# .# ###.#
# ...ยง#.#.#
#######.......#
............#
### #.#####
#.###@#...#
#....5#<#.#
#.#######.#
#.........#
###########


You could see Grinder.

Vanquished Creatures
  5 dart slugs
  7 ball pythons
  5 bats
  8 endoplasms
  2 giant cockroaches (D:1)
  2 goblins
  4 hobgoblins
  10 kobolds
  A quokka (D:2)
  3 rats
47 creatures vanquished.

Notes
Turn   | Place    | Note
-------+----------+-------------------------------------------
     0 | D:1      | Eitelfritz the Hill Orc Fighter began the quest for the
                  | Orb.
     0 | D:1      | Reached XP level 1. HP: 19/19 MP: 1/1
   195 | D:1      | Reached XP level 2. HP: 20/27 MP: 2/2
   418 | D:1      | Reached XP level 3. HP: 31/33 MP: 3/3
  1155 | D:2      | Reached XP level 4. HP: 40/40 MP: 4/4
  1360 | D:3      | Noticed Grinder
  1363 | D:3      | Paralysed by Grinder for 5 turns
  1376 | D:3      | Paralysed by Grinder for 5 turns
  1383 | D:3      | Killed from afar by Grinder

Illustrated notes

Levels and vault maps discovered:
D:1:      tekkud_arrival_beachfront_property, layout_rooms, serial_corexii_hall,
          corexii_hall_statues_i, corexii_hall_statues_x
D:2:      layout_loops_ring, minmay_stone_trees_small, minmay_tall_x
D:3:      layout_basic, mainiacjoe_overflow_six_doors_small, uniq_grinder

Skill      XL: |  1  2  3  4 |
---------------+-------------+-----
Axes           | 3 4 |  4.0
Fighting       | 4 |  4.1
Armour         | |  3.9
Shields        | |  3.6

Action                     |  1- 3 |  4- 6 || total
---------------------------+-------+-------++-------
  Melee: War axe           |   111 |    15 ||   126
    Use: Potion            |       |     1 ||     1
 Armour: Scale mail        |    53 |     5 ||    58
  Dodge: Dodged            |    64 |     9 ||    73
  Block: Buckler           |    33 |     4 ||    37
